 Dungeon Crawl Stone Soup version 0.21.1-1-g345015f (webtiles) character file.

35 inc the Scratcher (level 3, 0/25 HPs)
             Began as a Felid Monk on Mar 7, 2018.
             Succumbed to an adder's poison
             ... on level 2 of the Dungeon.
             The game lasted 00:01:00 (1006 turns).

inc the Scratcher (Felid Monk)                      Turns: 1006, Time: 00:01:01

Health: 0/25       AC: 21    Str:  9    XL:     3   Next: 16%
Magic:  4/4        EV:  4    Int: 14    God:
Gold:   35         SH:  0    Dex: 18    Spells: 2/2 levels left
                                        Lives:  0   Deaths: 0

rFire    . . .     SeeInvis +     - Unarmed
rCold    . . .     Gourm    .   (shield unavailable)
rNeg     + + +     Faith    .   (armour unavailable)
rPois    +         Spirit   .   (helmet unavailable)
rElec    .         Reflect  .   (cloak unavailable)
rCorr    .         Harm     .   (gloves unavailable)
MR       .....     NoTele   +   (boots unavailable)
Stlth    ++........             (no amulet)
HPRegen  0.08/turn              (no ring)
MPRegen  0.09/turn              (no ring)

@: lethally poisoned (0 -> -9), tree-form, hasted, very quick
A: very small, no armour, no weapons or thrown items, stealth, see invisible,
carnivore, clever 1, slow metabolism 1, strong 1
a: no special abilities


You were on level 2 of the Dungeon.
You were not hungry.
You were a tree.
You visited 1 branch of the dungeon, and saw 2 of its levels.

You collected 35 gold pieces.

Inventory:

Scrolls
 b - a scroll of enchant armour {unknown}
 c - a scroll of identify {unknown}
 d - 2 scrolls of remove curse {unknown}
 f - a scroll of amnesia {unknown}
 h - a scroll of teleportation {unknown}
 j - a scroll of blinking {unknown}
 l - a scroll of immolation {unknown}
 n - a scroll of enchant weapon {unknown}
Potions
 e - a potion of magic
 g - a potion of haste
 i - a potion of mutation
 m - a potion of brilliance {unknown}
Comestibles
 a - a ration


   Skills:
 - Level 3.0 Fighting
 - Level 4.0 Dodging
 - Level 2.6 Stealth
 + Level 4.3 Unarmed Combat


You had 2 spell levels left.
You didn't know any spells.

Dungeon Overview and Level Annotations

Branches:
Dungeon (2/15)

Altars:


Innate Abilities, Weirdness & Mutations

You cannot wear armour.
You are incapable of wielding weapons or throwing items.
Your paws allow you to move quietly. (Stealth)
((You have sharp claws.))
((You have razor-sharp teeth.))
You have supernaturally acute eyesight. (SInv)
You are carnivorous and can eat meat at any time.
((You cover ground quickly.))
((You are covered in fur. (AC +1)))
You have a slow metabolism.
((Your sharp claws are effective at attacking unaware monsters.))
Your mind is acute. (Int +2)
Your muscles are strong. (Str +2)


Message History

You are too injured to fight recklessly!
You are too injured to fight recklessly!
You are too injured to fight recklessly!
You are too injured to fight recklessly!
You are too injured to fight recklessly!
The adder bites you.
* * * LOW HITPOINT WARNING * * *
It was a potion of magic.
Magic courses through your body.
* * * LOW HITPOINT WARNING * * *
You feel sick.
It was a potion of haste.
You feel yourself speed up. The adder bites you.
* * * LOW HITPOINT WARNING * * *
You are more poisoned.
The adder poisons you! The adder misses you.
It was a potion of mutation.
You feel extremely strange.
You feel stronger.
You feel clever. The adder closely misses you. x2
It was a potion of lignification.
You turn into a tree.
Your roots penetrate the ground.
You die...

#..........#.####....#
.....##.###.#.# #.(..#
.##<..
#.......####....# #...
#.............).# #...
#...............# #.
#..............##
#...........##>#
#...........##.#
#......S♣...##.#
.....#S######.#
...........$...#
...........(.###
.............#
#.####.......# %
.......... ###...####
...#


You could see 2 adders.

Vanquished Creatures
  An adder (D:2)
  An ooze (D:1)
  A giant cockroach (D:1)
  3 goblins (D:1)
  3 hobgoblins (D:1)
  2 jackals (D:1)
  2 ball pythons (D:1)
  2 bats
  3 frilled lizards
  A kobold (D:2)
  3 rats
22 creatures vanquished.

Notes
Turn   | Place    | Note
-------+----------+-------------------------------------------
     0 | D:1      | inc the Felid Monk began the quest for the Orb.
     0 | D:1      | Reached XP level 1. HP: 10/10 MP: 2/2
    60 | D:1      | Reached XP level 2. HP: 6/14 MP: 3/3
   962 | D:2      | Reached XP level 3. HP: 15/17 MP: 4/4
  1005 | D:2      | Gained mutation: Your muscles are strong. (Str +2) [potion of mutation]
  1005 | D:2      | Gained mutation: Your mind is acute. (Int +2) [potion of mutation]
  1006 | D:2      | Succumbed to an adder's poison

Skill      XL: |  1  2 |
---------------+-------+-----
Unarmed Combat | 4 |  4.3
Fighting       | |  3.0
Dodging        | |  4.0
Stealth        | |  2.6

Action                   || total
-------------------------++-------
Melee: Unarmed           ||    52
       Bite              ||     2
       Punch             ||     2
  Use: Potion            ||     4
 Stab: Sleeping          ||     4
Armor: Skin              ||     1
Dodge: Dodged            ||    47
